 Dungeon Crawl Stone Soup version 0.28.0-53-g5a82cb258f (webtiles) character file.

Game seed: 8249085906888965547

5651 Peloso the Carver (level 10, -2/90 HPs)
             Began as a Minotaur Fighter on July 12, 2022.
             Was a Believer of Okawaru.
             Slain by a gnoll sergeant
             ... wielding a +0 spear of distortion
              (16 damage)
             ... on level 9 of the Dungeon.
             The game lasted 00:16:31 (9333 turns).

Peloso the Carver (Minotaur Fighter)                Turns: 9333, Time: 00:16:32

Health: -2/90      AC: 18    Str: 24    XL:     10   Next: 46%
Magic:  9/9        EV: 12    Int:  5    God:    Okawaru [**....]
Gold:   391        SH:  5    Dex: 11    Spells: 9/9 levels left

rFire   . . .      SeeInvis .   a - +0 long sword
rCold   + . .      Faith    .   c - +0 buckler
rNeg    . . .      Spirit   .   y - +0 plate armour
rPois   .          Reflect  .   (helmet restricted)
rElec   .          Harm     .   s - +1 cloak
rCorr   .          Rampage  .   o - +0 pair of gloves
Will    .....                   (no boots)
Stlth   ..........              (no amulet)
HPRegen 0.25/turn               v - ring of protection from cold
MPRegen 0.11/turn               w - +4 ring of evasion

@: no status effects
A: horns 2, retaliatory headbutt
a: Renounce Religion, Heroism


You were on level 9 of the Dungeon.
You worshipped Okawaru.
Okawaru was pleased with you.
You visited 2 branches of the dungeon, and saw 10 of its levels.

You collected 391 gold pieces.

Inventory:

Hand Weapons
 a - a +0 long sword (weapon)
 b - a +1 hand axe of flaming
Missiles
 e - 6 throwing nets (quivered)
Armour
 c - a +0 buckler (worn)
 o - a +0 pair of gloves (worn)
 s - a +1 cloak (worn)
 y - a +0 plate armour (worn)
 H - a +0 chain mail of fire resistance
Jewellery
 v - a ring of protection from cold (left hand)
 w - a +4 ring of evasion (right hand)
 z - a +6 ring of intelligence
Wands
 i - a wand of flame (13)
 n - a wand of digging (5)
 q - a wand of acid (10)
 B - a wand of paralysis (20)
 D - a wand of mindburst (17)
 E - a wand of iceblast (3)
Scrolls
 f - 7 scrolls of identify
 g - a scroll of holy word
 h - 3 scrolls of amnesia {unknown}
 k - 4 scrolls of enchant armour {unknown}
 l - 2 scrolls of brand weapon {unknown}
 m - 3 scrolls of fog {unknown}
 r - a scroll of vulnerability {unknown}
 u - a scroll of blinking {unknown}
 A - 4 scrolls of teleportation {unknown}
Potions
 d - a potion of might
 j - a potion of cancellation
 p - 6 potions of curing {unknown}
 t - a potion of haste {unknown}
 x - a potion of flight {unknown}
 C - a potion of heal wounds {unknown}
 F - a potion of degeneration {unknown}
 G - a potion of attraction {unknown}


   Skills:
 + Level 8.5 Fighting
 + Level 12.7 Long Blades
 + Level 9.9 Armour
 + Level 3.3 Dodging
 + Level 1.7 Stealth
 + Level 6.6 Shields
 + Level 0.5 Evocations


You had 9 spell levels left.
You didn't know any spells.
Your spell library was empty.

Dungeon Overview and Level Annotations

Branches:
Dungeon (9/15)             Temple (1/1) D:6
   Lair: D:8-11         Orc: D:9-12

Altars:
Ashenzari
Cheibriados
Dithmenos
Elyvilon
Fedhas
Gozag
Kikubaaqudgha
Makhleb
Nemelex Xobeh
Okawaru
Qazlal
Ru
Sif Muna
Trog
Uskayaw
Vehumet
Wu Jian
Xom
Yredelemnul
Zin
The Shining One

Annotations:
D:6 1 runed translucent door, kalagan's ghost, novice DECj
D:8 3 runed translucent doors - dig, vilexx's ghost, novice GrCj


Innate Abilities, Weirdness & Mutations

You have a pair of horns on your head.
You reflexively headbutt those who attack you in melee.


Message History

The gnoll barely misses you.
You struggle against the net.
The gnoll sergeant closely misses you. The gnoll hits you but does no damage.
You shred the net and break free!
The gnoll sergeant completely misses you.
The gnoll hits you but does no damage.
The gnoll sergeant hits you but does no damage.
Space warps around you. The gnoll hits you but does no damage.
You slash the gnoll! Your headbutt misses the gnoll.
The gnoll is almost dead.
You block the gnoll sergeant's attack. The gnoll hits you but does no damage.
You completely miss the gnoll. Your headbutt misses the gnoll.
The gnoll is almost dead.
The gnoll hits you but does no damage.
The gnoll sergeant hits you with a +0 spear of distortion.
You blink.
You block the gnoll sergeant's attack.
The gnoll sergeant hits you but does no damage.
Space warps around you. The gnoll sergeant blocks your attack.
You headbutt the gnoll sergeant!
The gnoll sergeant is moderately wounded.
You block the gnoll's attack. The gnoll sergeant blocks your attack.
You headbutt the gnoll sergeant, but do no damage.
The gnoll sergeant is moderately wounded.
The gnoll hits you but does no damage. You block the gnoll sergeant's attack.
The gnoll misses you.
You barely miss the gnoll. You headbutt the gnoll.
You kill the gnoll!
Okawaru accepts your kill.
The gnoll sergeant hits you with a +0 spear of distortion.
Space warps horribly around you!
* * * LOW HITPOINT WARNING * * *
Unknown command.
You closely miss the gnoll sergeant.
The gnoll sergeant is moderately wounded.
The gnoll sergeant hits you with a +0 spear of distortion.
* * * LOW HITPOINT WARNING * * *
Space warps horribly around you!
You die...

#### ..# #.#
#.##
######..##
#...)....##
#.<).@♣...+
#(...g...###
######..###..
#.## #.. #.#
#..#######
...
#........#
..#.
#...<...# ...
.. #.......#
.... ..
#.......#


You could see a gnoll sergeant.

Vanquished Creatures
  Harold (D:7)
  Joseph (D:7)
  Grinder (D:6)
  Prince Ribbit (D:7)
  Eustachio (D:4)
  3 yaks (D:8)
  Menkaure (D:4)
  Edmund (D:6)
  2 water moccasins
  A sky beast (D:7)
  2 orc warriors (D:8)
  2 black bears
  3 necrophages
  2 ogres
  3 centaurs
  A phantom (D:7)
  Blork the orc (D:7)
  3 scorpions
  3 bullfrogs (D:6)
  9 killer bees
  5 wights (D:4)
  A howler monkey (D:5)
  2 centaur zombies
  5 hounds
  A jelly (D:5)
  2 orc priests
  A bullfrog zombie (D:7)
  A centaur skeleton (D:6)
  A gnoll shaman (D:6)
  A bullfrog skeleton (D:7)
  Crazy Yiuf (D:5)
  3 iguanas
  Ijyb (D:3)
  5 orc wizards
  Robin (D:2)
  18 gnolls
  11 adders
  A shadow imp (D:5)
  A white imp (D:7)
  5 worms
  A dart slug (D:2)
  9 orcs
  6 bats
  4 endoplasms
  3 giant cockroaches
  14 goblins
  9 hobgoblins
  4 jackals (D:4)
  2 kobolds (D:1)
  5 quokkas
  8 ball pythons
  2 frilled lizards (D:2)
  9 rats
185 creatures vanquished.

Notes
Turn   | Place    | Note
-------+----------+-------------------------------------------
     0 | D:1      | Peloso the Minotaur Fighter began the quest for the Orb.
     0 | D:1      | Reached XP level 1. HP: 19/19 MP: 0/0
   333 | D:1      | Reached XP level 2. HP: 27/27 MP: 1/1
   440 | D:1      | Found a faded altar of an unknown god.
   551 | D:2      | Noticed Robin
   569 | D:1      | Reached skill level 3 in Long Blades
   681 | D:2      | Reached XP level 3. HP: 28/33 MP: 2/2
  1138 | D:2      | Killed Robin
  1333 | D:2      | Reached XP level 4. HP: 40/40 MP: 3/3
  2004 | D:3      | Reached skill level 4 in Long Blades
  2174 | D:3      | Reached skill level 1 in Dodging
  2267 | D:3      | Noticed Ijyb
  2269 | D:3      | Reached XP level 5. HP: 24/46 MP: 4/4
  2274 | D:3      | Reached skill level 5 in Armour
  2289 | D:3      | Killed Ijyb
  2757 | D:4      | Noticed Menkaure
  2764 | D:4      | Killed Menkaure
  2765 | D:4      | Reached skill level 5 in Long Blades
  2765 | D:4      | Reached XP level 6. HP: 15/53 MP: 5/5
  3130 | D:4      | Noticed Eustachio
  3177 | D:4      | Killed Eustachio
  3178 | D:4      | Reached skill level 6 in Long Blades
  3334 | D:4      | Reached XP level 7. HP: 60/60 MP: 6/6
  3395 | D:4      | Reached skill level 7 in Long Blades
  3698 | D:4      | Reached skill level 5 in Fighting
  4158 | D:5      | Entered Level 5 of the Dungeon
  4317 | D:5      | Found a runed translucent door.
  4318 | D:5      | Noticed Crazy Yiuf
  4325 | D:5      | Killed Crazy Yiuf
  4595 | D:5      | Reached XP level 8. HP: 62/68 MP: 7/7
  4695 | D:5      | Reached skill level 8 in Long Blades
  5286 | D:5      | Reached skill level 5 in Shields
  5383 | D:5      | Found a burning altar of Makhleb.
  5414 | D:6      | Noticed Grinder
  5419 | D:6      | Paralysed by Grinder for 3 turns
  5431 | D:6      | Killed Grinder
  5486 | D:6      | Reached skill level 9 in Long Blades
  5522 | D:6      | You fall into a shaft and drop 3 floors!
  5526 | D:8      | Found an opulent altar of Gozag.
  5631 | D:7      | Noticed Joseph
  5647 | D:7      | Killed Joseph
  5648 | D:7      | Reached XP level 9. HP: 45/75 MP: 8/8
  5828 | D:7      | Noticed Prince Ribbit
  5855 | D:7      | Killed Prince Ribbit
  5856 | D:7      | Reached skill level 10 in Long Blades
  6023 | D:6      | Noticed Blork the orc
  6032 | D:7      | Killed Blork the orc
  6033 | D:7      | Reached skill level 1 in Stealth
  6123 | D:6      | Found a staircase to the Ecumenical Temple.
  6141 | Temple   | Entered the Ecumenical Temple
  6148 | Temple   | Became a worshipper of Warmaster Okawaru
  6201 | D:6      | Noticed Edmund
  6213 | D:6      | Killed Edmund
  6266 | D:6      | Found a runed translucent door.
  6266 | D:6      | Found a shimmering altar of Xom.
  6266 | D:6      | Noticed kalagan's ghost (novice DECj)
  6266 | D:6      | Noticed a +1 flail of chaos
  6294 | D:6      | Reached skill level 11 in Long Blades
  7127 | D:7      | Reached * piety under Okawaru
  7297 | D:7      | Found a white marble altar of Elyvilon.
  7298 | D:7      | Noticed Harold
  7321 | D:7      | Killed Harold
  7322 | D:7      | Reached XP level 10. HP: 17/88 MP: 9/9
  7791 | D:7      | Found a sparkling altar of Nemelex Xobeh.
  7925 | D:7      | Found a blossoming altar of Fedhas.
  8050 | D:8      | Reached skill level 12 in Long Blades
  8083 | D:8      | Reached ** piety under Okawaru
  8634 | D:8      | Found a shimmering altar of Xom.
  8635 | D:8      | Found a shimmering altar of Xom.
  8635 | D:8      | Found a shimmering altar of Xom.
  8636 | D:8      | Found a shimmering altar of Xom.
  8637 | D:8      | Found a shimmering altar of Xom.
  8638 | D:8      | Found a shimmering altar of Xom.
  8790 | D:8      | Found a runed translucent gate.
  8790 | D:8      | Found a runed translucent gate.
  8790 | D:8      | Found a runed translucent gate.
  8795 | D:8      | Noticed vilexx's ghost (novice GrCj)
  9333 | D:9      | Slain by a gnoll sergeant

Illustrated notes

Levels and vault maps discovered:
D:1:      tarquinn_simple_flora_water_f, layout_basic,
          ebering_ecumenical_altar_petrified
D:2:      wander_river, layout_basic, uniq_robin
D:3:      layout_loops_ring, uniq_ijyb
D:4:      layout_gridville, uniq_eustachio, uniq_menkaure
D:5:      layout_loops_ring, makhleb_grotto_becter, minmay_misc_feat_rows,
          kennysheep_generic_room_4, uniq_crazy_yiuf_cottage
D:6:      layout_rooms, minmay_temple_entry_drinking_statues, ebering_ghost_xom,
          uniq_edmund, uniq_blork_the_orc, uniq_grinder
D:7:      layout_basic, nicolae_overflow_hidden_temple, general_overflow_altar,
          elyvilon_altar_3, uniq_harold, uniq_joseph, uniq_prince_ribbit1
D:8:      layout_loops_ring, xom_shifter_show, grunt_gozag_statues,
          gammafunk_ghost_spectres, minmay_misc_feat_four_crosses
D:9:      layout_irregular_city, dpeg_oklobed_lair, serial_shops,
          kennysheep_little_box, grunt_ministairs_14, minmay_ruffians
Temple:   nicolae_temple_no_exploring_needed

Skill      XL: |  1  2  3  4  5  6  7  8  9 10 |
---------------+-------------------------------+-----
Shields        | 4 5 6 |  6.6
Long Blades    | 3 4 5 6 7 9 11 12 | 12.7
Armour         | 4 5 6 8 9 |  9.9
Fighting       | 4 5 6 7 8 |  8.5
Dodging        | 1 2 3 |  3.3
Stealth        | 1 |  1.7
Evocations     | |  0.5

Action                   |  1- 3 |  4- 6 |  7- 9 | 10-12 || total
-------------------------+-------+-------+-------+-------++-------
Melee: Long sword        |    81 |   111 |   285 |   100 ||   577
       Headbutt          |     6 |    20 |    57 |    18 ||   101
Invok: Heroism           |       |       |       |     2 ||     2
Evoke: Wand              |       |     5 |       |     1 ||     6
  Use: Scroll            |     1 |     2 |       |       ||     3
Armor: Scale mail        |    64 |    83 |    63 |       ||   210
       Plate armour      |       |       |    56 |    53 ||   109
Dodge: Dodged            |    58 |    77 |   143 |    53 ||   331
Block: Buckler           |    24 |    29 |    57 |    31 ||   141
